Match 44612371
Unlisted

Match 44612371
End
Construct Weapon Support Center
Selects Special Operations Battlegroup
Selects M29 Weasel Recon Vehicle
M29 Weasel Recon Vehicle
M1919 Machine Gun Team
M1919 Machine Gun Team
Engineer Squad
Selects Raiding Flares
M1919 Machine Gun Team
Infantry Support Center
Bazooka Squad
Construct Medical Station
^3
big blob cheese
0
0

Comments sign in to comment!

No comments posted yet!